Map: Jagannatha LE

Players

Asuna - Winner!

  • Race: Protoss Protoss

Nina

  • Race: Protoss Protoss

Event: DreamHack SC2 Masters 2021 Winter

VOD

Have the link to the VOD?

Description

Time

  • Played on: Oct. 5, 2021, 3:56 p.m.
  • Length: 5:23

All games in this series

Show
View Real Time Build Order
Export as new Build Order

Asuna Protoss - Winner!

Build Orders:  

Get SALT Encoding   

  12  0:00  Probe  
  13  0:12  Probe  
  14  0:17  Pylon  
  14  0:24  Probe  
  15  0:36  Gateway  
  15  0:37  Probe (Chrono Boost)  
  16  0:46  Assimilator, Probe (Chrono Boost)  
  17  0:51  Probe  
  17  0:54  Assimilator  
  18  1:03  Probe (Chrono Boost)  
  19  1:07  Gateway  
  19  1:13  Probe (Chrono Boost)  
  19  1:18  Probe (Chrono Boost)  
  20  1:24  Cybernetics Core  
  21  1:30  Probe  
  22  1:34  Pylon  
  22  1:42  Probe  
  23  1:54  Probe  
  24  1:58  Warp Gate (Chrono Boost)  
  24  2:00  Adept x2  
  28  2:06  Probe  
  29  2:08  Pylon  
  29  2:19  Probe  
  30  2:24  Pylon  
  30  2:30  Stalker  
  30  2:31  Stalker  
  34  2:44  Gateway  
  34  3:00  Stalker  
  34  3:01  Stalker  
  38  3:10  Shield Battery  
  38  3:28  Nexus  
  39  3:39  Stalker  
  39  3:40  Stalker  
  43  3:45  Stalker  
  44  3:56  Pylon  
  40  4:15  Stalker x3  
  44  4:23  Probe  
  43  4:42  Stalker x2  
  43  4:43  Stalker  
  47  4:53  Robotics Facility  
  45  5:00  Probe x2  
  47  5:17  Stalker x3  
Show
View Real Time Build Order
Export as new Build Order

Nina Protoss 

Build Orders: Phoenix Opening 

Get SALT Encoding   

  12  0:00  Probe  
  13  0:12  Probe  
  14  0:18  Pylon  
  14  0:24  Probe  
  15  0:36  Probe (Chrono Boost)  
  15  0:38  Gateway  
  16  0:45  Probe (Chrono Boost)  
  17  0:51  Probe (Chrono Boost)  
  17  0:54  Assimilator  
  18  0:58  Assimilator  
  18  1:03  Probe (Chrono Boost)  
  19  1:15  Probe (Chrono Boost)  
  19  1:17  Gateway  
  20  1:20  Probe (Chrono Boost)  
  20  1:24  Cybernetics Core  
  21  1:29  Probe  
  22  1:35  Pylon  
  22  1:41  Probe  
  23  1:53  Probe  
  24  2:00  Stalker  
  26  2:05  Probe, Warp Gate  
  27  2:14  Stalker  
  29  2:17  Pylon  
  29  2:18  Probe  
  30  2:30  Probe  
  30  2:35  Sentry  
  33  2:43  Probe  
  34  2:46  Shield Battery  
  34  2:47  Sentry  
  36  2:54  Pylon  
  36  2:55  Probe  
  36  3:07  Nexus  
  36  3:11  Shield Battery  
  36  3:17  Phoenix  
  36  3:18  Probe  
  37  3:25  Twilight Council  
  37  3:26  Shield Battery  
  37  3:30  Probe  
  38  3:41  Forge  
  38  3:42  Probe  
  39  3:54  Probe  
  40  3:56  Stalker x2  
  40  3:59  Shield Battery  
  44  4:06  Probe  
  39  4:13  Shield Battery  
  35  4:19  Sentry  
  37  4:26  Gateway  
  37  4:28  Sentry  
  36  4:43  Sentry  
  36  4:44  Probe  
  37  4:47  Gateway  
  37  4:51  Photon Cannon  
  37  4:55  Gateway  
  37  5:01  Photon Cannon  

Tags
 
Add a new tag
Caveats
  • Supply blocks, unpowered buildings, or Contaminate may cause inaccurate times.
  • Supply counts are checked every 10 seconds.